 Dungeon Crawl Stone Soup version 0.23.2-1-ga50397a6bc (webtiles) character file.

Game seed: 6540394436056166096

107 Gargoyl the Skirmisher (level 4, -6/38 HPs)
             Began as a Centaur Abyssal Knight on May 7, 2019.
             Was a Believer of Lugonu.
             Killed from afar by Sigmund (8 damage)
             ... with a puff of flame
             ... on level 2 of the Dungeon.
             The game lasted 00:04:36 (2703 turns).

Gargoyl the Skirmisher (Centaur Abyssal Knight)     Turns: 2703, Time: 00:04:36

Health: -6/38      AC: 11    Str: 15    XL:     4   Next: 56%
Magic:  5/5        EV:  4    Int: 11    God:    Lugonu [**....]
Gold:   154        SH:  0    Dex:  9    Spells: 3/3 levels left

rFire    . . .     SeeInvis .   a - +2 hand axe
rCold    . . .     Gourm    .   (no shield)
rNeg     . . .     Faith    .   j - +0 chain mail
rPois    .         Spirit   .   i - +0 helmet
rElec    .         Reflect  .   b - +0 cloak
rCorr    .         Harm     .   f - +0 pair of gloves
MR       .....                  (no barding)
Stlth    ..........             (no amulet)
HPRegen  0.12/turn              (no ring)
MPRegen  0.09/turn              (no ring)

@: very quick
A: large, hooves 3, deformed body, speed 2, tough skin 3
a: Depart the Abyss, Bend Space, Renounce Religion


You were on level 2 of the Dungeon.
You worshipped Lugonu.
Lugonu was pleased with you.
You were very hungry.

You visited 1 branch of the dungeon, and saw 3 of its levels.
You visited the Abyss 1 time.

You collected 154 gold pieces.

Inventory:

Hand Weapons
 a - a +2 hand axe (weapon)
Missiles
 d - 8 tomahawks (quivered)
Armour
 b - a +0 cloak (worn)
 f - a +0 pair of gloves (worn)
 i - a +0 helmet (worn)
 j - a +0 chain mail (worn)
Wands
 h - a wand of flame (15)
Scrolls
 e - a scroll of fear
 g - 2 scrolls of teleportation
 m - a scroll of identify
Comestibles
 c - 6 rations


   Skills:
 + Level 3.5 Fighting
 + Level 2.3 Axes
 + Level 1.2 Throwing
 * Level 2.1 Armour
 * Level 1.4 Dodging
 * Level 2.6 Invocations


You had 3 spell levels left.
You didn't know any spells.
Your spell library was empty.

Dungeon Overview and Level Annotations

Branches:
Dungeon (3/15)

Altars:
Ru
Uskayaw
Yredelemnul

Annotations:
D:2 Sigmund


Innate Abilities, Weirdness & Mutations

You have hooves in place of feet.
Armour fits poorly on your strangely shaped body.
You cover ground very quickly.
You have extremely tough skin. (AC +3)


Message History

Sigmund barely misses you.
Your chain mail prevents you from hitting Sigmund.
You kick Sigmund!
Sigmund is severely wounded.
Sigmund hits you with a +0 scythe.
You closely miss Sigmund.
Sigmund is severely wounded.
You hit Sigmund.
Sigmund is almost dead.
Sigmund casts a spell at you. The magic dart hits you.
Sigmund points at you and mumbles some strange words.
The puff of flame hits you!
* * * LOW HITPOINT WARNING * * *
You aren't carrying any potions.
You barely miss Sigmund.
Sigmund is almost dead.
Sigmund gestures at you while chanting. The puff of flame hits you!
You die...

.## ############ #.#########
#..........# ..........######
#.########.# ..#######......# #.#
#...... .## ######.# #.# #.###..
.######## #.# ###.####.# #..
)......)######.#####........# #..
.###....##.........#.#.###### #..
## #....##.###..@@.....# #..
#PP..##.# #####.#...#### ##..
#..P..#.#######.#....... .....
#.###.....{...(....##########.
####.###.#.#####{..##.###......#.
........##.# #...##......###.#.
####.#####.# #...######..# #...
## #..# #.#####.>.# #..# #### .#
##.# #.........# #..#


You could see Sigmund.

Vanquished Creatures
  Robin (D:1)
  An adder (D:1)
  An ooze (D:1)
  4 adder skeletons (D:2)
  An adder zombie (D:2)
  A worm (D:2)
  A dart slug (D:1)
  2 leopard geckos
  2 orcs (D:3)
  A ball python (D:2)
  A bat zombie (D:2)
  15 goblins
  10 hobgoblins
  2 kobolds (D:1)
  A ball python skeleton (D:2)
  3 bats
  3 frilled lizards
  A jackal zombie (D:2)
  5 rats (D:1)
  A spectral orc (D:2)
57 creatures vanquished.

Notes
Turn   | Place    | Note
-------+----------+-------------------------------------------
     0 | Abyss:1  | Gargoyl the Centaur Abyssal Knight began the quest for the
                  | Orb.
     0 | Abyss:1  | Reached XP level 1. HP: 19/19 MP: 2/2
    65 | Abyss:1  | Noticed a starcursed mass
   105 | Abyss:1  | Noticed a worldbinder
   107 | Abyss:1  | Noticed an ironheart preserver
   107 | Abyss:1  | Noticed a yaktaur
   116 | Abyss:1  | Noticed a hellwing
   119 | Abyss:1  | Noticed an iron imp
   121 | Abyss:1  | Noticed a yaktaur
   126 | D:1      | Escaped the Abyss
   365 | D:1      | Reached XP level 2. HP: 20/26 MP: 3/3
   377 | D:1      | Reached skill level 1 in Dodging
   407 | D:1      | Reached * piety under Lugonu
   911 | D:2      | Noticed Robin
   912 | D:2      | Reached XP level 3. HP: 25/31 MP: 4/4
   925 | D:1      | Killed Robin
  1246 | D:2      | Reached skill level 1 in Throwing
  1293 | D:2      | Reached XP level 4. HP: 29/38 MP: 5/5
  1623 | D:2      | Reached ** piety under Lugonu
  1851 | D:2      | Found a sacrificial altar of Ru.
  1960 | D:2      | Noticed Sigmund
  2503 | D:3      | Found a hide-covered altar of Uskayaw.
  2626 | D:2      | Found a basalt altar of Yredelemnul.
  2703 | D:2      | Killed from afar by Sigmund

Skill      XL: |  1  2  3 |
---------------+----------+-----
Dodging        | 1 |  1.4
Axes           | 2 |  2.3
Throwing       | 1 |  1.2
Armour         | 2 |  2.1
Fighting       | |  3.5
Invocations    | |  2.6

Action                   |  1- 3 |  4- 6 || total
-------------------------+-------+-------++-------
Melee: Hand axe          |    69 |    77 ||   146
       Kick              |     8 |    19 ||    27
       Unarmed           |       |    15 ||    15
Throw: Tomahawk          |    21 |       ||    21
Invok: Depart the Abyss  |     1 |       ||     1
  Use: Scroll            |     2 |     4 ||     6
       Potion            |     2 |     3 ||     5
  Eat: Chunk             |       |     3 ||     3
Armor: Leather armour    |    42 |    15 ||    57
       Chain mail        |       |    18 ||    18
Dodge: Dodged            |    39 |    27 ||    66
